AoeStats
← dedoh

Arabia

504478436Analyzed
1v1 RM · 28d ago on Sep 5, 2026· 22m 23s· 2 players
Game mode
Random Map
Map size
Tiny (2 player)
Population
200
Speed
Normal
Resources
Standard
Victory
Conquest
Starting age
Dark Age
Ending age
Imperial Age
RankedLock teamsTeams togetherTeam positionsShared explorationLock speedFull tech treeHidden civsTurbo modeCheats
Victory
Defeat
🇫🇷 Spanish · France
1138
+43
🇬🇧 Romans · United Kingdom
1132
-16
dedoh
7:21 Loom
9:38 Feudal Age
10:00 Man-at-Arms
10:26 Double-Bit Axe
14:20 Fletching
21:20 Castle Age
19:30 Padded Archer Armor
20:31 Scale Barding Armor
20:55 Gold Mining
22:38 Wheelbarrow
22:32 Bow Saw
Agrado de Talagata
7:27 Loom
9:59 Feudal Age
14:42 Castle Age
17:14 Padded Archer Armor
20:07 Leather Archer Armor
Connection lost

Rejoining the realm…

Still unreachable

The connection could not be restored.

Session expired

The server has moved on; the page needs a fresh start.